[Event "Early-Titled-Tuesday-Blitz-February-06-2024"]
[Site "Chess.com"]
[Date "2024.02.06"]
[Round "2"]
[White "guillembaches"]
[Black "FaustinoOro"]
[Result "1/2-1/2"]
[WhiteElo "2565"]
[BlackElo "2778"]
[TimeControl "180+1"]
[EndTime "8:18:57 PST"]
[Termination "Game drawn - timeout vs insufficient material"]

1. d4 Nf6 2. Nf3 d5 3. Bg5 Ne4 4. Bh4 c5 5. e3 Nc6 6. c3 Bf5 7.
Nbd2 Nxd2 8. Qxd2 Qb6 9. Be2 e6 10. O-O Bd6 11. Bg3 Bxg3 12. hxg3 O-O 13. Nh4 Be4 14.
f3 Bg6 15. Nxg6 hxg6 16. f4 Rad8 17. g4 Qc7 18. g5 f5 19. gxf6 gxf6 20. Rf3 Kg7 21.
Raf1 Qe7 22. Rg3 f5 23. Rg5 Rh8 24. Rf3 cxd4 25. exd4 Rh6 26. Bd3 Rdh8 27. Kf2 Qd6 28. Qe3 Nb8 29. Qe5+ Qxe5 30. fxe5 Rh1 31. Bf1 Nd7 32.
b3 R1h4 33. Rgg3 Kh6 34. Rh3 Kg7 35. Rxh4 Rxh4 36. g3 Rh2+ 37. Bg2 Nb6 38. a4 a5 39. g4 Rh8 40. gxf5 gxf5 41. Rg3+ Kf7 42. Rh3 Rxh3 43. Bxh3 Nc8 44. c4 Ne7 45. Bg2 Ke8 46. cxd5 exd5 47. Ke3 Kd7 48. Kf4 Ke6 49. Bh3 b6 50. Kg5 Nc6 51.
Bxf5+ Ke7 52. Bh3 Nxd4 53. Bg2 Ke6 54. Kf4 Nxb3 55. Bh3+ Ke7 56. Bg2 d4 57. Ke4 Nc5+ 58. Kxd4 Nxa4 59. Kc4 Nc5 60. Kb5 a4 61. Bd5 a3 62.
Kxb6 Na4+ 63. Ka5 Nc3 64. Bc4 Kd7 65. Kb4 a2 66. Bxa2 Nxa2+ 1/2-1/2

[Event "Early-Titled-Tuesday-Blitz-February-06-2024"]
[Site "Chess.com"]
[Date "2024.02.06"]
[Round "2"]
[White "DavidGavrilescu18"]
[Black "tetrix83"]
[Result "1-0"]
[WhiteElo "2776"]
[BlackElo "2554"]
[TimeControl "180+1"]
[EndTime "8:18:57 PST"]
[Termination "DavidGavrilescu18 won on time"]

1. e4 c5 2. Nf3 e6 3. b3 Nf6 4. e5 Nd5 5. Bb2 Nc6 6. g3 Be7 7. Bg2 O-O 8. O-O d6 9. exd6 Bxd6 10. Na3 b6 11. Nc4 Be7 12. d4 Bb7 13. Qd2 Qc7 14. dxc5 Bxc5 15. Qg5 f6 16. Qg4 Rae8 17. Rfe1 Bc8 18.
Rad1 e5 19. Qe4 Nde7 20. Nh4 b5 21. Ne3 Be6 22. Nhf5 Nxf5 23. Nxf5 Ne7 24. Ne3 Bf7 25. h4 Rd8 26. Qf3 Bb4 27. c3 Bxc3 28. Rc1 b4 29.
Bxc3 bxc3 30. Nc4 Nd5 31. h5 h6 32. Qg4 Nb4 33. Be4 Nxa2 34. Rc2 Nb4 35. Rxc3 Qc8 36.
Bf5 Qb7 37. Ne3 Nd5 38. Be4 Nxe3 39. Rcxe3 Qc8 40. Bf5 Qc6 41. Kh2 Rd2 42. R1e2 Rd4 43. Re4 Rxe4 44. Bxe4 Qe6 45. Qf3 Qxb3 46. Qf5 Rd8 47.
Re3 Qe6 48. Qh7+ Kf8 49. Bf5 Qc4 50. Bd3 Qa2 51. Qf5 Be6 52. Qf3 Kg8 53. Re2 Qd5 54. Be4 Qd7 55. Qe3 Bg4 56. Rb2 Bxh5 57. Rb7 Qd4 58.
Qb3+ Kh8 59. Qc2 Bg4 60. Rc7 Rf8 61. f3 Be6 62. g4 Bg8 63. Rc3 Qe3 64. Rxe3 f5 65.
Bxf5 g6 66. Rxe5 gxf5 67. Rxf5 Kg7 68. Qc3+ 1-0

[Event "Early-Titled-Tuesday-Blitz-February-06-2024"]
[Site "Chess.com"]
[Date "2024.02.06"]
[Round "2"]
[White "amanjazu"]
[Black "ChessSwole"]
[Result "1-0"]
[WhiteElo "2447"]
[BlackElo "2689"]
[TimeControl "180+1"]
[EndTime "8:18:57 PST"]
[Termination "amanjazu won by resignation"]

1. g3 e5 2. Bg2 d5 3. d4 e4 4. c4 c6 5. Nc3 Be7 6. f3 exf3 7. Nxf3 Nf6 8. O-O O-O 9. Bg5 Nbd7 10. Ne5 Nxe5 11. dxe5 Ng4 12. Bxe7 Qxe7 13. cxd5 Qc5+ 14.
Kh1 Ne3 15. Qd3 Nxf1 16. Rxf1 cxd5 17. Bxd5 Be6 18. Bxb7 Rad8 19. Qe4 Rd4 20. Qe3 Qb4 21. Bg2 Rfd8 22. Ne4 Bd5 23. Ng5 Qd2 24. Qf2 Bxg2+ 25. Kxg2 R4d7 26. Qf5 g6 27. Qf6 Re8 28. Kh3 Qxe2 29.
Nxf7 Qh5+ 30. Kg2 Qe2+ 31. Kh3 Qxf1+ 32. Qxf1 Rxf7 33. Qc4 Rxe5 34. g4 Re3+ 35. Kh4 Rf3 36. Kg5 Kg7 37. Qd4+ R3f6 38. Kh4 Kg8 39. Qd8+ Rf8 40.
Qd4 R6f7 41. Kg5 Rf2 42. h4 R2f7 43. Kh6 Re8 44. g5 Rfe7 45. b4 Rb7 46. a4 Reb8 47.
b5 Rc8 48. Qd5+ Rf7 49. Qe5 Rcf8 50. Qe6 Rd8 51. Qe4 Rb8 52. Qd4 Rbf8 53. a5 Rb8 54. b6 axb6 55. axb6 Rfb7 56. Qd5+ Kf8 57. Qd6+ Ke8 58.
Qe6+ Kd8 59. Qg8+ Kd7 60. Qxh7+ Kc6 61. Qxg6+ Kb5 62. Qd3+ Kxb6 63. g6 Rh8+ 64. Kg5 Rc8 65. h5 Rc5+ 66. Kh6 Re7 67. Qd4 Re5 68. Qg4 Rxh5+ 69.
Qxh5 1-0

[Event "Early-Titled-Tuesday-Blitz-February-06-2024"]
[Site "Chess.com"]
[Date "2024.02.06"]
[Round "2"]
[White "lucliasco"]
[Black "maximnovik"]
[Result "1/2-1/2"]
[WhiteElo "2867"]
[BlackElo "2607"]
[TimeControl "180+1"]
[EndTime "8:18:59 PST"]
[Termination "Game drawn - insufficient material"]

1. e4 c6 2. Nc3 d5 3. Nf3 Bg4 4. d4 dxe4 5. Nxe4 Nd7 6. Bc4 e6 7. O-O Ngf6 8. Ng3 Nb6 9. Be2 Bd6 10. a4 a5 11. b3 O-O 12. Bb2 Qc7 13. Ne5 Bxe2 14.
Qxe2 Rad8 15. f4 g6 16. h4 Rfe8 17. h5 Bf8 18. hxg6 hxg6 19. Rad1 c5 20. dxc5 Qxc5+ 21. Kh2 Bg7 22. c4 Qc7 23. Ne4 Nxe4 24. Qxe4 Nd7 25.
Rxd7 Rxd7 26. Nxd7 Bxb2 27. Rf2 Qxd7 28. Rxb2 Rd8 29.
Rf2 b6 30. Qe5 Qd6 31. Qf6 Qd4 32. Qh4 Kg7 33. Qg3 Rh8+ 34. Kg1 Qd1+ 35. Rf1 Qd4+ 36. Rf2 Qd1+ 37. Rf1 Qd4+ 38. Qf2 Rd8 39. Rc1 Qc5 40. Qxc5 bxc5 41. Re1 Kf6 42. Re5 Rd3 43. Rxc5 Rxb3 44.
Rxa5 Rb4 45. g3 Rxc4 46. Kf2 Rc3 47. g4 Ra3 48. g5+ Ke7 49. Ra7+ Kf8 50. a5 Kg7 51. Ke2 Kg8 52. a6 Kg7 53. Ra8 Ra5 54. Kd3 e5 55.
fxe5 Rxe5 56. Rd8 Ra5 57. Rd6 Rxg5 58. Kc4 Ra5 59. Kb4 Ra1 60. Kb5 g5 61. Rd4 f5 62.
Ra4 Rb1+ 63. Kc6 Rb8 64. a7 Ra8 65. Kb7 Rxa7+ 66. Kxa7 Kf6 67. Kb6 Ke5 68. Kc5 g4 69. Ra8 g3 70. Re8+ Kf4 71. Kd4 g2 72. Rg8 Kf3 73.
Ke5 Kf2 74. Rxg2+ Kxg2 75. Kxf5 1/2-1/2

[Event "Early-Titled-Tuesday-Blitz-February-06-2024"]
[Site "Chess.com"]
[Date "2024.02.06"]
[Round "2"]
[White "scarabee43"]
[Black "bazar-wokzal"]
[Result "1-0"]
[WhiteElo "2871"]
[BlackElo "2591"]
[TimeControl "180+1"]
[EndTime "8:19:00 PST"]
[Termination "scarabee43 won on time"]

1. Nf3 c5 2. c4 g6 3. e3 Bg7 4. d4 Nf6 5. Nc3 O-O 6. Be2 d5 7. O-O dxc4 8. Bxc4 cxd4 9. Nxd4 a6 10. Be2 e5 11. Nb3 Nc6 12. Bd2 Bf5 13. Rc1 Rc8 14. a3 Bd3 15. Bxd3 Qxd3 16. Nc5 Qd6 17. Nxb7 Qe7 18.
Qb3 Rb8 19. Nd5 Nxd5 20. Qxd5 Qxb7 21. Qxc6 Qxc6 22. Rxc6 Rxb2 23. Bb4 Ra8 24. Rfc1 h5 25. h3 Ra2 26. R1c5 Bf8 27. Rxe5 Bxb4 28. axb4 Rb8 29.
Re7 Rb2 30. Rf6 Rf8 31. Rb7 a5 32. b5 a4 33. Ra6 Rb1+ 34. Kh2 Rb4 35. b6 Kg7 36. Rc7 h4 37. b7 Rb8 38. Ra7 a3 39.
Rxa3 R8xb7 40. Rxb7 Rxb7 41. Ra4 g5 42. Rg4 f6 43. f4 Kg6 44. Kg1 Rb2 45. Kf1 Rc2 46. fxg5 fxg5 47. Re4 Kf5 48. Re8 Ra2 49. Re7 Rb2 50.
Rf7+ Ke4 51. Re7+ Kf5 52. Kg1 Ra2 53. Rf7+ Ke4 54. Rg7 Kf5 55. e4+ Kf4 56. e5 Re2 57.
Rf7+ Ke4 58. e6 Kd5 59. e7 Kd6 60. Rg7 Rxe7 61. Rxg5 Rh7 62. Kf2 Ke6 63. Kf3 Kf6 64. Kg4 Rh8 65. Rf5+ Kg6 66. Ra5 Kf6 67. Rh5 Rg8+ 68.
Kf3 1-0

[Event "Early-Titled-Tuesday-Blitz-February-06-2024"]
[Site "Chess.com"]
[Date "2024.02.06"]
[Round "2"]
[White "djano"]
[Black "Alexander_Donchenko"]
[Result "0-1"]
[WhiteElo "2620"]
[BlackElo "2933"]
[TimeControl "180+1"]
[EndTime "8:19:02 PST"]
[Termination "Alexander_Donchenko won by resignation"]

1. e4 e6 2. d4 d5 3. Bd3 dxe4 4. Bxe4 Nf6 5. Bf3 c5 6. Ne2 Be7 7. Nbc3 O-O 8. O-O Nc6 9. Be3 cxd4 10. Nxd4 Ne5 11. Qe2 a6 12. Rad1 Qc7 13. Ne4 Nxf3+ 14. Qxf3 Nxe4 15. Qxe4 Bd7 16. Bf4 Qc8 17. c3 Rd8 18.
Rfe1 Bf8 19. h4 Ba4 20. Rd3 Bc6 21. Nxc6 Rxd3 22. Qxd3 Qxc6 23. Rd1 Qa4 24. Qd4 Qxa2 25. Qb6 Qa4 26. Rd4 Qb5 27. Qxb5 axb5 28. Rd7 b4 29. Rxb7 bxc3 30. bxc3 f6 31. Rc7 e5 32. Be3 h5 33. g3 Kh7 34. Kg2 Kg6 35. c4 Kf5 36. c5 Ke6 37. Rb7 Rc8 38. Rb6+ Kd5 39. Rb7 Re8 40. Rc7 Be7 41. Kf3 g6 42. Rd7+ Kc6 43. Ra7 Kd5 44. Rd7+ Ke6 45. Rc7 Ra8 46. Rc6+ Kd5 47.
Rc7 Ke6 48. Rc6+ Kd7 49. Rb6 Ra3 50. Rb7+ Ke6 51. c6 Rc3 52. Rb6 Kd5 53. Rb7 Ke6 54. Rb6 Bc5 55. Ra6 Bd6 56. Rb6 Kd5 57. Ra6 f5 58. Ra5+ Kxc6 59. Ra6+ Kd7 60. Ra7+ Ke6 61.
Ke2 f4 62. gxf4 exf4 63. Bd4 Rh3 64. Rg7 Kf5 65. Rf7+ Ke4 66. Bb2 f3+ 67. Kd2 Bf4+ 68. Kc2 Rxh4 69. Rf6 Rg4 70. Re6+ Kf5 71. Rf6+ Kg5 72.
Rf7 Rg2 73. Bf6+ Kg4 74. Bd4 h4 75. Rf6 g5 76. Kd3 h3 77. Rh6 h2 78. Ke4 Rg1 79.
Be3 h1=Q 0-1

[Event "Early-Titled-Tuesday-Blitz-February-06-2024"]
[Site "Chess.com"]
[Date "2024.02.06"]
[Round "2"]
[White "Semetey"]
[Black "Iball95"]
[Result "1-0"]
[WhiteElo "2632"]
[BlackElo "2915"]
[TimeControl "180+1"]
[EndTime "8:19:02 PST"]
[Termination "Semetey won by checkmate"]

1. Nf3 d5 2. g3 c5 3. c4 e6 4. Bg2 Nf6 5. b3 Nc6 6. Bb2 Be7 7. O-O O-O 8. e3 b6 9. Nc3 Bb7 10. cxd5 Nxd5 11. Nxd5 Qxd5 12. Ne5 Qd6 13. d4 cxd4 14.
exd4 Rac8 15. Rc1 Na5 16. Bxb7 Nxb7 17. Qf3 Rxc1 18. Rxc1 Nd8 19. Qa8 f6 20. Nd3 Qd7 21. Nf4 Nf7 22. Qe4 Ng5 23. Qe3 Bd6 24. Kg2 Rc8 25. h4 Bxf4 26. Qxf4 Nf7 27. Qe4 Rxc1 28. Bxc1 Nd8 29. Be3 Nc6 30. h5 h6 31. g4 Ne7 32.
Qa8+ Kf7 33. Qe4 Qd5 34. Kf3 Ke8 35. Qxd5 Nxd5 36. Bd2 Kd7 37. Ke4 a5 38. a4 Kc6 39.
f4 Kd7 40. g5 f5+ 41. Kd3 Ke7 42. Kc4 Kf7 43. g6+ Ke7 44. Kb5 Kd7 45. b4 axb4 46. Bxb4 Kc7 47. Bf8 Nxf4 48. Bxg7 Nxh5 49. Bxh6 f4 50. g7 Nf6 51. Bxf4+ Kb7 52. Be5 Ng8 53. a5 bxa5 54. Kxa5 Kc6 55. Kb4 Kd5 56. Kb5 Ke4 57. Kc6 Kf5 58. Kd7 Nh6 59. Ke7 Kg6 60. Kxe6 Ng8 61. d5 Nf6 62. Bxf6 Kh7 63. d6 Kg8 64. d7 Kh7 65. d8=Q Kg6 66. g8=Q+ Kh5 67. Qg5# 1-0

[Event "Early-Titled-Tuesday-Blitz-February-06-2024"]
[Site "Chess.com"]
[Date "2024.02.06"]
[Round "2"]
[White "chito89"]
[Black "jaskol95"]
[Result "1-0"]
[WhiteElo "2894"]
[BlackElo "2604"]
[TimeControl "180+1"]
[EndTime "8:19:06 PST"]
[Termination "chito89 won by resignation"]

1. e4 d5 2. exd5 Nf6 3. d4 Bg4 4. Nf3 Qxd5 5. Nc3 Qd8 6. h3 Bxf3 7. Qxf3 c6 8. Be3 e6 9. O-O-O Be7 10. Kb1 Nbd7 11.
g4 Qa5 12. g5 Nd5 13. Ne4 Rf8 14. Bd2 Qa4 15. c4 N5b6 16. b3 Qa3 17. Bc1 Qb4 18. a3 Qa5 19. b4 Qf5 20. Qxf5 exf5 21. Ng3 g6 22. Re1 Kd8 23. h4 Re8 24. c5 Nd5 25. Bc4 b5 26. Bxd5 cxd5 27. Ne2 Kc7 28. Nf4 Kc6 29.
Rh3 Bf8 30. Reh1 Bg7 31. Be3 Re4 32. Ne2 Rae8 33. h5 f4 34. Nxf4 Bxd4 35. hxg6 hxg6 36. Bxd4 Rxd4 37. Nd3 Re2 38. Rf3 a5 39. Nc1 Ree4 40. Nb3 Rc4 41. Nxa5+ Kc7 42. Nxc4 bxc4 43. Rxf7 Kc6 44.
Rxd7 Kxd7 45. b5 d4 46. Rh7+ Ke6 47. c6 Kd6 48. c7 Re8 49. a4 Kc5 50. Rd7 Kb6 51.
Rd8 Re1+ 52. Kc2 Kxc7 53. Rxd4 Re2+ 54. Rd2 Re4 55. Kc3 Kb6 56. Rd4 Re2 57. f4 Ka5 58. Rxc4 Re3+ 59. Kd4 Re1 60. Kd5 Rd1+ 61. Rd4 Re1 62. Re4 Rd1+ 63. Ke5 Kb6 64. Kf6 Kc5 65. Kxg6 Rd6+ 66. Kf5 Kd5 67. g6 Rd8 68. Re5+ Kd6 69. g7 Rg8 70. Kg6 Kd7 71. Kf7 1-0

[Event "Early-Titled-Tuesday-Blitz-February-06-2024"]
[Site "Chess.com"]
[Date "2024.02.06"]
[Round "2"]
[White "emeli_chess"]
[Black "Zainullina_Nataliya"]
[Result "1/2-1/2"]
[WhiteElo "2448"]
[BlackElo "2204"]
[TimeControl "180+1"]
[EndTime "8:19:06 PST"]
[Termination "Game drawn by repetition"]

1. d4 d5 2. c4 e6 3. Nc3 Nf6 4.
cxd5 exd5 5. Bg5 Be7 6. e3 c6 7.
Bd3 O-O 8. Qc2 Nbd7 9. Nf3 Re8 10. O-O Nf8 11. h3 Be6 12. Ne5 h6 13. Bh4 N6h7 14.
Bxe7 Qxe7 15. f4 Nf6 16. Rae1 c5 17. Qf2 Bd7 18. a3 Bc6 19. Kh1 N6d7 20. Nxc6 bxc6 21. e4 cxd4 22. exd5 Qc5 23. dxc6 dxc3 24. cxd7 Qxf2 25. dxe8=Q Rxe8 26. Rxf2 Rxe1+ 27. Kh2 Re3 28. Bf5 cxb2 29. Rxb2 Rxa3 30. Rb8 g6 31. Bc2 Kg7 32. Bb3 Kf6 33. Rb7 Ne6 34. Bxe6 Kxe6 35. g4 a5 36. Ra7 a4 37.
Kg2 Ra2+ 38. Kf3 a3 39. h4 Ra1 40. g5 hxg5 41. hxg5 a2 42. Kg2 Kf5 43. Rxf7+ Kg4 44. Ra7 Kxf4 45. Ra5 Kg4 46. Kh2 Kh4 47. Kg2 Kh5 48.
Kh2 Kg4 49. Kg2 Kf4 50. Kh2 Ke4 51. Kg2 Kd3 52. Ra8 Kc3 53. Rc8+ Kb3 54. Rb8+ Kc3 55. Rc8+ Kd4 56. Ra8 Ke5 57. Ra5+ Kf4 58. Kh2 Kg4 59. Kg2 Kh5 60. Kh2 Rf1 61. Rxa2 Kxg5 62. Kg3 Rf5 63. Ra4 Re5 64. Rb4 Rc5 65. Ra4 Rc3+ 66. Kg2 Kh5 67. Rb4 g5 68. Ra4 g4 69. Ra8 Kh4 70.
Rh8+ Kg5 71. Rg8+ Kf4 72. Rf8+ Ke5 73. Re8+ Kf4 74. Rf8+ Kg5 75. Rg8+ Kf4 76. Rf8+ 1/2-1/2

[Event "Early-Titled-Tuesday-Blitz-February-06-2024"]
[Site "Chess.com"]
[Date "2024.02.06"]
[Round "2"]
[White "Alex_Sahakyan2006"]
[Black "Zavgorodniy_Sergiy"]
[Result "1/2-1/2"]
[WhiteElo "2887"]
[BlackElo "2613"]
[TimeControl "180+1"]
[EndTime "8:19:08 PST"]
[Termination "Game drawn - insufficient material"]

1. e4 e5 2. Nf3 d6 3. d4 exd4 4. Nxd4 Nf6 5. Nc3 Be7 6. Bc4 O-O 7. O-O c6 8. a4 Nxe4 9. Nxe4 d5 10. Bd3 dxe4 11.
Bxe4 Bf6 12. c3 Re8 13. Qc2 g6 14. Be3 Nd7 15. Rad1 Qc7 16. Rfe1 Bg7 17. Kh1 Nf6 18. Bf3 Bg4 19. h3 Bxf3 20. Nxf3 Nd5 21. Bd4 Bxd4 22.
Nxd4 Qf4 23. Kg1 h5 24. Qb3 Qc7 25. Qc4 Rad8 26. Nf3 Rxe1+ 27. Rxe1 Qf4 28. Qxf4 Nxf4 29. Re7 Rd1+ 30. Kh2 Rf1 31. Rxb7 h4 32. Nxh4 g5 33. Rb8+ Kh7 34. Nf3 f6 35. Kg3 Ne2+ 36. Kg4 Kg6 37.
Rg8+ Kf7 38. Rc8 Rxf2 39. Kh5 Nf4+ 40. Kh6 Rxg2 41. Rc7+ Ke6 42. Rxc6+ Kf7 43. Rc7+ Ke6 44. Nd4+ Kd5 45. Rxa7 Rxb2 46. a5 Rh2 47. a6 Rxh3+ 48. Kg7 Rxc3 49. Nf5 Ke5 50. Ne7 g4 51. Ra8 Ra3 52. a7 Ne6+ 53. Kf7 g3 54. Nc6+ Kf4 55. Rg8 Ng5+ 56. Kxf6 g2 57. Rxg5 Ra6 58. a8=Q Rxa8 59.
Rxg2 Ra6 60. Rc2 Ke4 61. Ke6 Kd3 62. Rc5 Ke3 63. Ke5 Kf3 64. Nd4+ Kg4 65. Ke4 Ra4 66.
Rc1 Kh4 67. Rg1 Kh5 68. Kf5 Rxd4 69. Rh1+ Rh4 70. Rg1 Rh2 71. Rg8 Rf2+ 72. Ke4 Kh6 73. Rh8+ Kg7 74. Rh3 Rf6 75. Rf3 Rxf3 76. Kxf3 1/2-1/2

[Event "Early-Titled-Tuesday-Blitz-February-06-2024"]
[Site "Chess.com"]
[Date "2024.02.06"]
[Round "2"]
[White "Roedor"]
[Black "Adekrisna123"]
[Result "0-1"]
[WhiteElo "2339"]
[BlackElo "2533"]
[TimeControl "180+1"]
[EndTime "8:19:16 PST"]
[Termination "Adekrisna123 won on time"]

1. c4 c5 2. g3 Nc6 3. Bg2 g6 4. Nc3 Bg7 5. Nf3 e6 6. O-O Nge7 7. d4 cxd4 8. Nb5 d5 9. cxd5 exd5 10. Nbxd4 O-O 11.
Be3 Nf5 12. Nxf5 Bxf5 13. Nd4 Nxd4 14. Bxd4 Be4 15. Bxg7 Kxg7 16. Qd4+ Qf6 17. Rfd1 Bxg2 18. Kxg2 Rfd8 19. Rac1 Rd7 20. Rc5 Rad8 21. e3 Qxd4 22. Rxd4 Kf6 23. Kf3 Ke6 24. Ke2 Rd6 25. Rc7 R8d7 26. Rxd7 Kxd7 27. Kd3 Ke6 28. Rb4 b6 29.
Rb3 h5 30. Rc3 Rd7 31. Rc6+ Rd6 32. Rc8 a5 33. a4 Kd7 34. Rc3 Rf6 35. Rc2 Kd6 36. Kd4 Re6 37. Rc8 Re4+ 38. Kd3 Rxa4 39. Rd8+ Ke6 40. Rc8 Rb4 41. Kc3 b5 42. b3 Re4 43.
Rb8 b4+ 44. Kd3 Kd6 45. Rb5 Re7 46. Rxa5 Rc7 47. Kd4 Rc3 48. Ra6+ Ke7 49. Kxd5 Rxb3 50. Kc4 Rb2 51. f4 b3 52. Rb6 Rxh2 53. Rxb3 Rh3 54. e4 Rh1 55. Kd5 Rd1+ 56. Kc4 Kf6 57. Rb6+ Kg7 58.
Rb3 f6 59. Rd3 Rc1+ 60. Kd5 Kf7 61. Ra3 g5 62. f5 Rd1+ 63. Kc4 Ke7 64. Ra7+ Rd7 65.
Rxd7+ Kxd7 66. Kd4 Kd6 0-1

[Event "Early-Titled-Tuesday-Blitz-February-06-2024"]
[Site "Chess.com"]
[Date "2024.02.06"]
[Round "2"]
[White "Truequitos"]
[Black "tsaruk_maks"]
[Result "0-1"]
[WhiteElo "2543"]
[BlackElo "2758"]
[TimeControl "180+1"]
[EndTime "8:19:22 PST"]
[Termination "tsaruk_maks won on time"]

1. d4 Nf6 2. Nf3 e6 3. g3 b6 4. Bg2 Bb7 5. O-O Be7 6. a4 O-O 7. a5 c5 8. c3 bxa5 9. Bf4 Qb6 10. b3 cxd4 11. cxd4 Bd5 12. Nbd2 Nc6 13. Nc4 Qb4 14.
Bd2 Qb5 15. Nfe5 Bxg2 16. Kxg2 Nxd4 17. Rxa5 Qb7+ 18. f3 Nxb3 19. Ra2 Nxd2 20. Qxd2 d5 21. Na5 Qb6 22. Rb2 Qd6 23. Nec6 Rfc8 24. Rc1 Rc7 25.
Rbc2 h5 26. Qd3 Bf8 27. Qa6 Kh8 28. Nb7 Qa3 29. Qb5 Rac8 30. Rc3 Qa2 31. R1c2 Qa1 32. Rc1 Qa2 33. Kf2 d4 34. Nb4 dxc3 35. Nxa2 Rb8 36. Qd3 Rcxb7 37. Nxc3 a5 38. Ra1 Bc5+ 39. Kg2 Bb4 40.
Ne4 Rd7 41. Qc4 Nxe4 42. Qxe4 Rd2 43. Qe5 Rc8 44. Qxh5+ Kg8 45. Qe5 Rcc2 46. Kf1 Rb2 47. h4 Rdc2 48. h5 Bc3 49. Qe4 Rd2 50. Rc1 Bf6 51.
Rc8+ Rd8 52. Rxd8+ Bxd8 53. Qd4 Rb8 54. Qd6 Ra8 55. Qa3 a4 56. g4 f6 57. f4 Kf7 58. Kf2 Be7 59. Qa2 a3 60. f5 Ra6 61. e4 Bc5+ 62. Ke2 Ke7 63. Kd3 Rb6 64. Kc4 Bd6 65. Kd3 Be5 66. fxe6 Bb2 67. Qd5 Rd6 68. Kc2 Rxd5 69. exd5 Be5 70. Kb3 Bd6 71. Ka2 Bc5 72.
Kb3 Kd6 0-1

[Event "Early-Titled-Tuesday-Blitz-February-06-2024"]
[Site "Chess.com"]
[Date "2024.02.06"]
[Round "2"]
[White "KhungThep"]
[Black "xamax2000"]
[Result "0-1"]
[WhiteElo "2585"]
[BlackElo "2855"]
[TimeControl "180+1"]
[EndTime "8:19:36 PST"]
[Termination "xamax2000 won by resignation"]

1. d4 d5 2. c4 e6 3. Nc3 Nf6 4. Bg5 c6 5. cxd5 exd5 6. e3 Bd6 7. Bd3 O-O 8. Qc2 h6 9. Bh4 Re8 10. Nf3 Bg4 11. Nd2 Be6 12. Bg3 Bxg3 13. hxg3 Nbd7 14. O-O a5 15. a3 Qe7 16. Nf3 Nb6 17. Ne5 Nc8 18.
Rab1 Nd6 19. b4 axb4 20. axb4 Rec8 21. Na4 Rc7 22. Nc5 Nd7 23. Nexd7 Bxd7 24. Qe2 Bf5 25. Bxf5 Nxf5 26. Qd3 Nd6 27. Ra1 Re8 28. Ra2 h5 29. Rfa1 g6 30. Ra8 b6 31. Nb3 Nc4 32. Rxe8+ Qxe8 33.
Nd2 b5 34. Nb3 Qe7 35. Nc5 Ra7 36. Qb1 Kg7 37. Ra2 Ra3 38. Qa1 Qa7 39. Rxa3 Qxa3 40. Qxa3 Nxa3 41. Kf1 Kf6 42. Ke2 Ke7 43. Kd3 Nc4 44. Kc3 Nd6 45. Kd3 g5 46. f3 Nf5 47.
g4 hxg4 48. fxg4 Nh6 49. e4 Nxg4 50. exd5 cxd5 51. Ke2 f5 52. Na6 Kd6 53. Nc5 Nf6 54.
Ke3 Ne4 55. Nd3 f4+ 56. Kf3 Nf6 57. Ne5 Ke6 58. g3 fxg3 59. Kxg3 Kf5 60. Nc6 Ne4+ 61. Kf3 g4+ 62. Ke3 Nd6 63. Na7 Kg5 64. Nc6 Nc4+ 65. Kf2 Kf4 66. Ne7 g3+ 67. Kg2 Ne3+ 68. Kg1 Ke4 69. Ng6 Kxd4 70. Ne7 Kc4 71. Nc6 d4 72. Ne5+ Kxb4 73. Nf3 Kc3 74. Nh4 b4 75. Ng2 Nxg2 76. Kxg2 b3 0-1

[Event "Early-Titled-Tuesday-Blitz-February-06-2024"]
[Site "Chess.com"]
[Date "2024.02.06"]
[Round "2"]
[White "cthulhuuu"]
[Black "Flawless_Fighter"]
[Result "1-0"]
[WhiteElo "2399"]
[BlackElo "2742"]
[TimeControl "180+1"]
[EndTime "8:19:41 PST"]
[Termination "cthulhuuu won by resignation"]

1. e4 c5 2. Nf3 Nc6 3. g3 g6 4.
Bg2 Bg7 5. O-O d6 6. d3 Nf6 7. Re1 O-O 8. e5 dxe5 9. Nxe5 Nxe5 10. Rxe5 Nd7 11. Re1 Rb8 12. Nc3 b6 13. h4 Bb7 14.
Bxb7 Rxb7 15. Qf3 Rb8 16. h5 Ne5 17. Qe2 Nc6 18. h6 Bh8 19. Ne4 Qd7 20. Bf4 Rbd8 21. Rab1 Nd4 22. Qd1 Qf5 23. c3 Ne6 24. Be3 Qd5 25.
a4 Qxd3 26. Qxd3 Rxd3 27. a5 Rfd8 28. Ra1 R3d7 29. axb6 axb6 30. Ra6 Rb7 31. Kf1 Kf8 32. Ke2 f5 33. Ng5 Nxg5 34. Bxg5 Kf7 35. Rd1 Rxd1 36. Kxd1 Bf6 37. f4 Bxg5 38. fxg5 e5 39. Ra8 Ke6 40. Rg8 Rd7+ 41. Ke2 e4 42. Rb8 Kd5 43. Rxb6 Ke5 44. Rb5 Rc7 45. b4 Kd6 46. bxc5+ Kc6 47. Ra5 Rb7 48. Ke3 Rb3 49. Ra7 Rxc3+ 50. Kf2 Rf3+ 51.
Kg2 Rb3 52. Rxh7 Rb2+ 53. Kh3 e3 54. Re7 e2 55. h7 Rb1 56. Kg2 Rb2 57. Kf2 e1=Q+ 58.
Kxe1 Rh2 59. Rg7 Kxc5 60. Kf1 Kd5 61. Kg1 Rh5 62. Kg2 Ke5 63. Kf3 Rh1 64. Rxg6 Rxh7 65. Rg8 Ra7 66. Re8+ Kd6 67. Kf4 Ra5 68. g6 Kd7 69. g7 Ra4+ 70. Kxf5 Ra5+ 71. Kf6 Ra6+ 72. Kf7 Ra3 73. g8=Q Rf3+ 74. Kg7 Rxg3+ 75. Kh7 Rh3+ 76. Kg6 Rg3+ 77. Kf5 Rxg8 78. Rxg8 1-0

[Event "Early-Titled-Tuesday-Blitz-February-06-2024"]
[Site "Chess.com"]
[Date "2024.02.06"]
[Round "2"]
[White "zverr1"]
[Black "Witik"]
[Result "0-1"]
[WhiteElo "2557"]
[BlackElo "2786"]
[TimeControl "180+1"]
[EndTime "8:19:44 PST"]
[Termination "Witik won on time"]

1. e4 c6 2. d4 d5 3. Nc3 dxe4 4. Nxe4 Bf5 5. Ng3 Bg6 6. h4 h6 7. N1e2 e6 8. Nf4 Bh7 9. Bc4 Nf6 10. Nfh5 Nbd7 11.
c3 Nxh5 12. Nxh5 Nf6 13. Bf4 Qb6 14. Nxf6+ gxf6 15. Qe2 O-O-O 16. b4 Bd6 17. Bxe6+ fxe6 18. Qxe6+ Kc7 19. Qe7+ Kc8 20. Qe6+ Kc7 21. Qe7+ Rd7 22. Bxd6+ Kc8 23. Qxf6 Re8+ 24. Be5 Qb5 25. Rh3 a5 26. a4 Qd5 27. Qf3 Qc4 28. bxa5 Qb3 29. Qe2 Qd5 30. Rg3 Rde7 31. Kf1 Bf5 32. Kg1 h5 33.
Qf3 Qe6 34. Qxh5 Be4 35. Qg5 Bd5 36. Qg4 Qxg4 37. Rxg4 Kd7 38. Rb1 Kc8 39. a6 bxa6 40.
Rb8+ Kd7 41. Rxe8 Kxe8 42. h5 Rh7 43. Rg5 Bf7 44. Rg7 Rxh5 45. g4 Rh3 46. Bg3 Rh6 47. Rg5 Re6 48. Ra5 Re1+ 49. Kg2 Bc4 50. Kf3 Rc1 51.
Be5 Rxc3+ 52. Ke4 Bd5+ 53. Kf5 Rf3+ 54. Kg6 Bc4 55. Rc5 Bd5 56. Rc2 Kd7 57. Re2 Ke6 58. Bg3+ Kd7 59. Re5 Ra3 60. Rf5 Rxa4 61. Rf6 Rxd4 62.
f4 Rd3 63. Bh4 a5 64. Rf8 a4 65. Ra8 a3 66. f5 a2 67. f6 Rf3 68. g5 c5 69. Ra7+ Kc6 70. Be1 c4 71. Bb4 Kb5 72.
Bd6 c3 73. Be5 c2 74. Bb2 Rf1 75. Kg7 c1=Q 76. Bxc1 Rxc1 77. g6 a1=Q 78. Rxa1 Rxa1 79. f7 Ra7 80. Kg8 Kc6 81. Kg7 Kd6 82. Kf6 Bxf7 83. gxf7 Ra8 84. Kg6 Ke7 85. Kg7 Rf8 86. Kh6 Rxf7 0-1

[Event "Early-Titled-Tuesday-Blitz-February-06-2024"]
[Site "Chess.com"]
[Date "2024.02.06"]
[Round "2"]
[White "Dinamo3"]
[Black "margarita_2703"]
[Result "1-0"]
[WhiteElo "2528"]
[BlackElo "2334"]
[TimeControl "180+1"]
[EndTime "8:19:44 PST"]
[Termination "Dinamo3 won on time"]

1. c4 Nf6 2. g3 e6 3. Bg2 d5 4. Nf3 Be7 5. O-O O-O 6. b3 b6 7. Bb2 Bb7 8. d4 c5 9. Ne5 Nbd7 10. Nc3 cxd4 11. Qxd4 Bc5 12. Qf4 Nxe5 13. Qxe5 Bd6 14.
Qg5 h6 15. Qd2 Be5 16. Rfd1 Rc8 17. cxd5 Nxd5 18. Nxd5 Bxb2 19. Qxb2 exd5 20. e4 Rc5 21.
exd5 Qd6 22. Rd2 Rd8 23. Rad1 Rc7 24. h3 Rcd7 25. Qc3 Qg6 26. h4 Qh5 27. Bf3 Qf5 28.
Kg2 Rd6 29. Qc4 Rc8 30. Qb4 Rcd8 31. a4 Bxd5 32. Bxd5 Rxd5 33. Rd4 Qe5 34. Rxd5 Rxd5 35. Re1 Qd6 36. Re8+ Kh7 37. Qe4+ f5 38. Qf3 Qd7 39. Rf8 Re5 40. h5 Qd5 41. Qxd5 Rxd5 42. Rf7 a6 43. Rb7 b5 44. axb5 axb5 45. b4 Kg8 46. Kf3 Kf8 47. Ke3 Kg8 48. Rc7 Re5+ 49. Kf4 Rd5 50. f3 Rd4+ 51. Kxf5 Kh7 52. g4 Rxb4 53. f4 Rb1 54. g5 hxg5 55. fxg5 Rf1+ 56. Ke5 b4 57. h6 Re1+ 58. Kf4 Rf1+ 59. Kg4 Rg1+ 60.
Kh4 Rh1+ 61. Kg3 Rg1+ 62. Kf4 Rf1+ 63. Ke3 Re1+ 64. Kf2 Rh1 65. Rxg7+ Kh8 66. Rb7 Rh5 67. Rb5 b3 68. Kg3 Kh7 69. Kg4 Rh1 70. Rb7+ Kh8 71. Rxb3 Rg1+ 72. Kh5 Ra1 73. Kg6 Ra6+ 74. Kh5 Ra5 75.
Rb8+ Kh7 76. Rb7+ Kh8 77. Rb6 Kh7 78. Rc6 Rb5 79. Rc7+ Kh8 80. Rd7 Kg8 81. Re7 Kh8 82. Kg4 Kg8 83. Re6 Kf7 84. Rf6+ Kg8 85. Kh5 Rb7 86. Re6 Rb5 87. Kg6 Rb8 88. Kf6 1-0